 Dungeon Sprint DCSS version 0.27-a0-538-g15ff5c5295 (webtiles) character file.

Game seed: 12177541465413748545

1 rocky1 the Digger (level 1, -2/11 HPs)
             Began as an Octopode Earth Elementalist on Mar 7, 2021.
             Was an Initiate of Sif Muna.
             Slain by a quokka (3 damage)
             ... in the Dungeon (Sprint VII: "The Pits").
             The game lasted 00:00:24 (110 turns).

rocky1 the Digger (Octopode Earth Elementalist)      Turns: 110, Time: 00:00:25

Health: -2/11      AC:  1    Str:  7    XL:     1   Next: 20%
Magic:  2/3        EV: 13    Int: 17    God:    Sif Muna [......]
Gold:   0          SH:  0    Dex: 12    Spells: 3/4 levels left

rFire    . . .     SeeInvis .   (no weapon)
rCold    . . .     Faith    .   (no shield)
rNeg     . . .     Spirit   .   (helmet restricted)
rPois    .         Reflect  .   (no amulet)
rElec    .         Harm     .   (no ring)
rCorr    .         Rampage  .   (no ring)
Will     .....     NoTele   +   (no ring)
Stlth    +++.......             (no ring)
HPRegen  0.03/turn              (no ring)
MPRegen  0.08/turn              (no ring)
                                (no ring)
                                (no ring)

@: no status effects
A: almost no armour, amphibious, 8 rings, constrict 8, camouflage 1, gelatinous
body 1, nimble swimmer 1
a: Renounce Religion


You were in the Dungeon.
You worshipped Sif Muna.
Sif Muna was noncommittal.
You visited 1 branch

Inventory:

Missiles
 b - 39 stones
Scrolls
 h - a scroll of blinking
 i - 5 scrolls of amnesia
 j - a scroll of summoning
Potions
 a - 2 potions of invisibility
 c - a potion of curing
 d - a potion of heal wounds
 e - a potion of haste
 f - 4 potions of magic
 g - 3 potions of berserk rage


   Skills:
 - Level 2.0 Dodging
 - Level 2.6 Stealth
 - Level 2.0 Spellcasting
 - Level 1.0 Transmutations
 + Level 3.7 Earth Magic


You had 3 spell levels left.
You knew the following spells:

 Your Spells              Type           Power      Damage    Failure   Level
a - Sandblast             Erth           28%        2d8       4%          1

Your spell library contained the following spells:

 Spells                   Type           Power      Damage    Failure   Level
 Passwall                 Tmut/Erth      7%         N/A       11%         2
 Stone Arrow              Conj/Erth      16%        3d8       26%         3
 Petrify                  Tmut/Erth      9%         N/A       58%         4
 Lee's Rapid Deconstruct  Erth           7%         3d7*      75%         5


Dungeon Overview and Level Annotations

Branches:
Dungeon (1/1)

Altars:
Ashenzari
Cheibriados
Dithmenos
Elyvilon
Fedhas
Gozag
Hepliaklqana
Kikubaaqudgha
Makhleb
Nemelex Xobeh
Okawaru
Qazlal
Ru
Sif Muna
Trog
Uskayaw
Vehumet
Wu Jian
Xom
Yredelemnul
Zin
The Shining One
Beogh
Jiyva
Lugonu


Innate Abilities, Weirdness & Mutations

You cannot wear most types of armour.
You are amphibious.
You can wear up to eight rings at the same time.
You can use your tentacles to constrict eight enemies at once.
Your skin changes colour to match your surroundings (Stealth+).
Your rubbery body absorbs attacks. (AC +1, EV +1)
You are stealthy while swimming. (Stealth+)


Message History

You start resting.
HP restored.
You open the door.
A leopard gecko comes into view.
Casting: Sandblast (safe; 4% risk of failure)
Confirm with . or Enter, or press ? or * to list all spells.
Okay, then.
A quokka comes into view.
There is an open door here.
The helpless leopard gecko fails to defend itself.
You tentacle-slap the leopard gecko but do no damage.
You grab the leopard gecko.
You constrict the leopard gecko, but do no damage.
The leopard gecko bites you.
You barely miss the leopard gecko. You constrict the leopard gecko.
The leopard gecko misses you. The leopard gecko bites you.
You barely miss the leopard gecko.
The leopard gecko is moderately wounded.
You constrict the leopard gecko. The leopard gecko misses you.
The quokka completely misses you.
You release your grip on the leopard gecko.
You tentacle-slap the leopard gecko but do no damage.
Your grab misses the leopard gecko.
The leopard gecko is severely wounded.
The leopard gecko barely misses you.
You tentacle-slap the leopard gecko but do no damage.
You grab the leopard gecko.
The leopard gecko is severely wounded.
You constrict the leopard gecko. The leopard gecko bites you.
* * * LOW HITPOINT WARNING * * *
Casting: Sandblast (safe; 4% risk of failure)
Confirm with . or Enter, or press ? or * to list all spells.
Aiming: Sandblast (safe; 4% risk of failure)
Press: ? - help, Shift-Dir - straight line, f - leopard gecko
Aim: a leopard gecko (almost dead, constricted by you, 5% to evade)
The blast of sand hits the leopard gecko.
You kill the leopard gecko!
Sif Muna accepts your kill. The quokka bites you.
You die...

########### _________.#
_________.#
_______...###########++
##########'##...........
#.?..')))'.##......#..#.
##########.##...........
#......@...†'...........
#+#####r#####......#..#.
#.....##...........
#####+#####'#####++
#.......# #.......#
#.......# #...<...#
#.......#


You could see a quokka.

Vanquished Creatures
  A leopard gecko (D)
  A ball python (D)
2 creatures vanquished.

Notes
Turn   | Place    | Note
-------+----------+-------------------------------------------
     0 | D        | rocky1 the Octopode Earth Elementalist began the quest for
                  | the Orb.
     0 | D        | Reached XP level 1. HP: 11/11 MP: 3/3
    40 | D        | Found a bloodstained altar of Trog.
    40 | D        | Found a shimmering blue altar of Sif Muna.
    40 | D        | Found a viscous altar of Jiyva.
    40 | D        | Found a hazy altar of Hepliaklqana.
    40 | D        | Found an opulent altar of Gozag.
    41 | D        | Found a glowing golden altar of the Shining One.
    41 | D        | Found a glowing silver altar of Zin.
    41 | D        | Found a basalt altar of Yredelemnul.
    41 | D        | Found a shimmering altar of Xom.
    41 | D        | Found an ornate altar of the Wu Jian Council.
    41 | D        | Found a sacrificial altar of Ru.
    41 | D        | Found a stormy altar of Qazlal.
    41 | D        | Found an iron altar of Okawaru.
    41 | D        | Found a sparkling altar of Nemelex Xobeh.
    41 | D        | Found a burning altar of Makhleb.
    41 | D        | Found a blossoming altar of Fedhas.
    41 | D        | Found a white marble altar of Elyvilon.
    41 | D        | Found a shadowy altar of Dithmenos.
    41 | D        | Found a snail-covered altar of Cheibriados.
    44 | D        | Found a corrupted altar of Lugonu.
    44 | D        | Found a radiant altar of Vehumet.
    45 | D        | Found an ancient bone altar of Kikubaaqudgha.
    45 | D        | Found a hide-covered altar of Uskayaw.
    45 | D        | Found a broken altar of Ashenzari.
    46 | D        | Became a worshipper of Sif Muna the Loreminder
   110 | D        | Slain by a quokka

Illustrated notes

Levels and vault maps discovered:
D:        pitsprint [storerooms_1, entrance_room_1, metal_vault_5, armoury_2,
          mini_pit_1, grid_room_1, main_hall_1, silver_pit, the_coven_3,
          the_vestibule_1, steel_vault_2, golden_pit, hallway_of_sentries,
          crystal_vault_5, iron_vault_1, final_vault]

Action                   || total
-------------------------++-------
Melee: Unarmed           ||     7
       Constrict         ||     3
 Cast: Sandblast         ||     1
 Stab: Sleeping          ||     1
Dodge: Dodged            ||     7

Table legend: (Time is in decaauts)
 A = Elapsed time spent in this place.
 B = Non-inter-level travel time spent in this place.
 C = Inter-level travel time spent in this place.
 D = Time resting spent in this place.
 E = Time spent auto-exploring this place.
 F = Levels seen in this place.
 G = Mean time per level.
                   A        B        C        D        E       F      G
               +--------+--------+--------+--------+--------+-----+--------+
         Total |    110 |    110 |      0 |     45 |      0 |   1 |  110.0 |
       Dungeon |    110 |    110 |      0 |     45 |      0 |   1 |  110.0 |
               +--------+--------+--------+--------+--------+-----+--------+

Top non-repeatable levels by time:
       D: 110 daAuts
